 Dungeon Crawl Stone Soup version 0.32-a0-314-g526f7d4993 (webtiles) character file.

Game seed: 15438654680189824030

406 HC7 the Ruffian (level 6, -1/54 HPs)
             Began as a Troll Hedge Wizard on Feb 15, 2024.
             Succumbed to a scorpion's poison
             ... on level 4 of the Dungeon.
             The game lasted 00:09:57 (2921 turns).

HC7 the Ruffian (Troll Hedge Wizard)                Turns: 2921, Time: 00:09:58

Health: -1/54      AC:  5    Str: 19    XL:     6   Next: 56%
Magic:  8/8        EV: 25    Int: 10    God:
Gold:   240        SH:  0    Dex: 11    Spells: 7/10 levels left

rFire   . . .        o - +2 whip (vamp)
rCold   . . .        (no shield)
rNeg    . . .        b - +1 robe
rPois   .            c - +0 hat
rElec   .            (no cloak)
rCorr   .            (gloves unavailable)
SInv    .            (boots unavailable)
Will    .....        r - amulet of the acrobat
Stlth   ++           (no ring)
HPRegen 1.09/turn    (no ring)
MPRegen 0.11/turn

%: acrobat
@: lethally poisoned (-1 -> -4), acrobatic
A: large, unfitting armour, claws 3, regeneration 1, shaggy fur 1, tough skin 1
a: no special abilities


You were on level 4 of the Dungeon.
You visited 1 branch of the dungeon, and saw 4 of its levels.

You collected 240 gold pieces.

Inventory:

Hand Weapons
 a - a +0 dagger
 f - a +0 dagger
 o - a +2 vampiric whip (weapon)
Missiles
 g - 3 silver javelins (quivered)
Armour
 b - a +1 robe (worn)
 c - a +0 hat (worn)
Jewellery
 r - an amulet of the acrobat (around neck)
Talismans
 j - a blade talisman
 q - a flux talisman
Scrolls
 i - a scroll of noise
 p - a scroll of revelation
Potions
 d - a potion of magic
 e - 3 potions of haste {unknown}
 h - a potion of heal wounds {unknown}
 k - a potion of curing {unknown}
 l - 2 potions of degeneration {unknown}
 m - a potion of mutation {unknown}
 n - a potion of brilliance {unknown}
 s - 2 potions of attraction {unknown}
 t - a potion of lignification {unknown}


   Skills:
 + Level 0.8 Fighting
 + Level 2.8 Dodging
 * Level 1.9 Stealth
 + Level 3.5 Unarmed Combat
 + Level 2.6 Spellcasting
 + Level 0.9 Conjurations
 + Level 0.6 Summonings
 + Level 0.6 Translocations
 * Level 1.6 Shapeshifting


You had 7 spell levels left.
You knew the following spells:

 Your Spells              Type           Power      Damage    Failure   Level
a - Magic Dart            Conj           12%        1d3       21%         1
b - Blink                 Tloc           4%         N/A       34%         2

Your spell library contained the following spells:

 Spells                   Type           Power      Damage    Failure   Level
 Apportation              Tloc           4%         N/A       22%         1
 Summon Small Mammal      Summ           8%         N/A       22%         1
 Sting                    Conj/Alch      8%         1d3       24%         1
 Necrotise                Necr           4%         1d4       30%         1
 Slow                     Hex            4%         N/A       30%         1
 Call Imp                 Summ           4%         N/A       34%         2
 Cigotuvi's Dreadful Rot  Necr/Alch/Air  2%         N/A       41%         2
 Mephitic Cloud           Conj/Alch/Air  1%         N/A       61%         3


Dungeon Overview and Level Annotations

Branches:
Dungeon (4/15)
 Temple: D:4-7

Altars:
Makhleb
Qazlal


Innate Abilities, Weirdness & Mutations

You are too large for most types of armour.
You have claws for hands.
Your natural rate of healing is unusually fast.
You are covered in fur. (AC +1)
You have tough skin. (AC +1)


Message History

The scorpion stings you.
* * * LOW HITPOINT WARNING * * *
The ball python closely misses you. The scorpion barely misses you.
The orc wizard misses you.
You closely miss the scorpion.
The scorpion is lightly wounded.
The ball python misses you. The scorpion stings you.
* * * LOW HITPOINT WARNING * * *
The orc wizard hits you but does no damage.
The ball python barely misses you.
You hit the scorpion.
You feel better.
The scorpion is moderately wounded.
The scorpion stings you.
* * * LOW HITPOINT WARNING * * *
The ball python bites you but does no damage.
The orc wizard closely misses you.
You closely miss the scorpion.
The scorpion is moderately wounded.
The scorpion stings you.
* * * LOW HITPOINT WARNING * * *
The ball python closely misses you.
The orc wizard hits you with a +0 dagger.
* * * LOW HITPOINT WARNING * * *
The scorpion misses you.
You hit the scorpion.
The scorpion is moderately wounded.
The ball python barely misses you. The scorpion stings you.
* * * LOW HITPOINT WARNING * * *
You are poisoned.
The scorpion poisons you! The orc wizard casts a spell at you.
The magic dart hits you.
* * * LOW HITPOINT WARNING * * *
The ball python bites you but does no damage.
* * * LOW HITPOINT WARNING * * *
You feel very sick. The scorpion misses you.
The orc wizard points at you and mumbles some strange words.
You resist with some effort. The ball python misses you.
You die...

##.#.....#.....#
#..#.....†..####
#.#########.# #.#
#.# #.'s.S.Dg #.#
#.#...... #.#####.#
#.#########.......#
#..#...S.s..........
#..#$..o@#..########
#..#######..# #...
#...# #.#.# '#..#.#
...##.# ...r ..#
##### ##


You could see a scorpion, an orc wizard and a ball python.

Vanquished Creatures
  A black bear (D:4)
  2 scorpions (D:4)
  Natasha (thrice) (D:2)
  2 adders (D:2)
  2 dart slugs (D:1)
  2 orcs
  5 bats
  4 endoplasms
  10 hobgoblins
  4 jackals (D:2)
  4 kobolds
  2 quokkas (D:1)
  6 ball pythons
  6 frilled lizards
  4 goblins
  3 rats
60 creatures vanquished.

Notes
Turn   | Place    | Note
-------+----------+-------------------------------------------
     0 | D:1      | HC7 the Troll Hedge Wizard began the quest for the Orb.
     0 | D:1      | Reached XP level 1. HP: 16/16 MP: 2/2
   145 | D:1      | Reached XP level 2. HP: 20/24 MP: 4/4
   355 | D:1      | Reached XP level 3. HP: 31/31 MP: 5/5
  1096 | D:2      | Reached XP level 4. HP: 39/39 MP: 6/6
  1099 | D:2      | Found a stormy altar of Qazlal.
  1200 | D:2      | Reached skill level 1 in Unarmed Combat
  1254 | D:2      | Noticed Natasha
  1261 | D:2      | Killed Natasha
  1414 | D:2      | Noticed Natasha
  1422 | D:2      | Killed Natasha
  1423 | D:2      | Reached skill level 2 in Unarmed Combat
  1423 | D:2      | Reached XP level 5. HP: 45/45 MP: 7/7
  1503 | D:2      | Noticed Natasha
  1510 | D:2      | Killed Natasha
  1811 | D:3      | Found a burning altar of Makhleb.
  2620 | D:4      | Noticed a phantom
  2664 | D:4      | Reached skill level 1 in Shapeshifting
  2736 | D:4      | Reached skill level 3 in Unarmed Combat
  2736 | D:4      | Reached XP level 6. HP: 35/54 MP: 8/8
  2752 | D:4      | Learned a level 2 spell: Blink
  2847 | D:4      | Noticed a steam dragon
  2920 | D:4      | HP: 1/54 [poisoned by a scorpion]
  2921 | D:4      | Succumbed to a scorpion's poison

Illustrated notes

Levels and vault maps discovered:
D:1:      nagdon_arrival_zigzag_paths, layout_basic
D:2:      layout_rooms, basic_altar, uniq_natasha
D:3:      layout_basic, lemuel_doored_altar, nicolae_overflow_hidden_temple,
          minmay_gold_behind_fungi
D:4:      layout_rooms, minmay_divided_ellipse

Skill      XL: |  1  2  3  4  5 |
---------------+----------------+-----
Unarmed Combat | 2 3 |  3.5
Dodging        | 2 |  2.8
Shapeshifting  | 1 |  1.6
Fighting       | |  0.8
Stealth        | |  1.9
Spellcasting   | |  2.6
Conjurations   | |  0.9
Summonings     | |  0.6
Translocations | |  0.6

Action                     |  1- 3 |  4- 6 || total
---------------------------+-------+-------++-------
  Melee: Unarmed           |   115 |   108 ||   223
         Dagger            |    11 |       ||    11
         Punch             |       |     3 ||     3
         Whip              |       |    15 ||    15
   Cast: Magic Dart        |     2 |       ||     2
         Blink             |       |     1 ||     1
    Use: Scroll            |     3 |     4 ||     7
   Stab: Sleeping          |       |     1 ||     1
 Armour: Robe              |   108 |   118 ||   226
  Dodge: Dodged            |    84 |   106 ||   190

Table legend: (Time is in decaauts)
 A = Elapsed time spent in this place.
 B = Non-inter-level travel time spent in this place.
 C = Inter-level travel time spent in this place.
 D = Time resting spent in this place.
 E = Time spent auto-exploring this place.
 F = Levels seen in this place.
 G = Mean time per level.
                   A        B        C        D        E       F      G
               +--------+--------+--------+--------+--------+-----+--------+
         Total |   2924 |   2738 |    186 |      0 |   1959 |   4 |  731.0 |
       Dungeon |   2924 |   2738 |    186 |      0 |   1959 |   4 |  731.0 |
               +--------+--------+--------+--------+--------+-----+--------+

Top non-repeatable levels by time:
     D:3: 1052 daAuts
     D:1: 999 daAuts
     D:2: 605 daAuts
     D:4: 267 daAuts
